 Dungeon Crawl Stone Soup version 0.23.2-1-ga50397a6bc (webtiles) character file.

Game seed: 1016022923423254569

100663 Gumption the Spear-Bearer (level 16, -1/112 HPs)
             Began as a Merfolk Ice Elementalist on May 29, 2019.
             Was the Champion of Hepliaklqana.
             Killed by divine providence
             ... invoked by an orc high priest
              (8 damage)
             ... on level 2 of the Orcish Mines on May 31, 2019.
             The game lasted 05:54:24 (37026 turns).

Gumption the Spear-Bearer (MfIE)                   Turns: 37026, Time: 05:54:25

Health: -1/112     AC: 17    Str: 22    XL:     16   Next: 28%
Magic:  0/47       EV: 13    Int: 20    God:    Hepliaklqana [******]
Gold:   1719       SH: 19    Dex: 14    Spells: 14/34 levels left

rFire    . . .     SeeInvis +   a - +7 demon trident (freeze)
rCold    . . .     Gourm    .   f - +2 large shield of Generosity {MR++ Str+6 SInv}
rNeg     . . .     Faith    .   X - +4 ring mail "Meirur" {rElec Str+4 Int+2}
rPois    .         Spirit   +   p - +0 helmet
rElec    +         Reflect  .   R - scarf {Spirit}
rCorr    +         Harm     .   D - +3 pair of gloves of the Land of Plenty {rCorr}
MR       +++..                  t - +1 pair of boots {Fly}
Stlth    ++........             G - amulet of regeneration
HPRegen  0.68/turn              v - ring of magical power
MPRegen  0.30/turn              w - ring of magical power

@: flying, drained
A: change form in water, swift swim, stealthy swim, reduced essence, no potion
heal 1
a: Recall Ancestor, Ancestor Identity, Transference, Idealise, Renounce
Religion, Stop Flying


You were on level 2 of the Orcish Mines.
You worshipped Hepliaklqana.
Hepliaklqana was exalted by your worship.
You were hungry.

You visited 4 branches of the dungeon, and saw 24 of its levels.
You visited the Abyss 1 time.

You collected 1899 gold pieces.
You spent 180 gold pieces at shops.

Inventory:

Hand Weapons
 a - a +7 demon trident of freezing (weapon)
 b - a +1 demon trident of venom
Missiles
 C - 36 tomahawks (quivered)
 Y - a throwing net
Armour
 f - the +2 large shield of Generosity (worn) {MR++ Str+6 SInv}
   (You took it off Louise on level 15 of the Dungeon)

   It affects your strength (+6).
   It affects your resistance to hostile enchantments.
   It lets you see invisible.
 i - a +0 buckler
 p - a +0 helmet (worn)
 t - a +1 pair of boots of flying (worn)
 D - the +3 pair of gloves of the Land of Plenty (worn) {rCorr}
   (You found it on level 5 of the Dungeon)

   It provides partial protection from all sources of acid and corrosion.
 R - a scarf of spirit shield (worn)
 X - the +4 ring mail "Meirur" (worn) {rElec Str+4 Int+2}
   (You found it on level 10 of the Dungeon)

   It affects your strength (+4).
   It affects your intelligence (+2).
   It insulates you from electricity.
Jewellery
 h - an uncursed ring of protection from cold
 s - an uncursed ring of ice
 v - a ring of magical power (left hand)
 w - a ring of magical power (right hand)
 G - an amulet of regeneration (around neck)
 O - an uncursed ring of protection from cold
 Q - an uncursed ring of resist corrosion
Wands
 d - a wand of paralysis (4)
 k - a wand of enslavement (26)
 y - a wand of random effects (56)
 F - a wand of polymorph (22)
 H - a wand of acid (16)
 J - a wand of iceblast (9)
 M - a wand of flame (49)
 P - a wand of clouds (5)
 S - a wand of disintegration (16)
 V - a wand of digging (5)
Scrolls
 g - a scroll of blinking {unknown}
 l - a scroll of silence {unknown}
 m - 10 scrolls of immolation
 o - a scroll of summoning
 u - 2 scrolls of teleportation
 A - 2 scrolls of fog
 B - 7 scrolls of fear
 N - a scroll of magic mapping
 U - 4 scrolls of remove curse
Potions
 c - a potion of lignification
 j - 4 potions of curing
 n - 4 potions of ambrosia
 x - a potion of invisibility
 E - 8 potions of brilliance
 I - 2 potions of haste
 K - a potion of agility
 L - 4 potions of magic
 T - 2 potions of berserk rage
 W - 2 potions of mutation
Comestibles
 e - 27 rations
 r - 5 chunks of flesh


   Skills:
 - Level 11.0(9.7) Fighting
 - Level 14.0(12.5) Polearms
 - Level 4.8(3.7) Armour
 - Level 10.0(8.7) Dodging
 - Level 6.0(4.8) Stealth
 + Level 10.2(8.9) Shields
 - Level 9.7(8.4) Spellcasting
 - Level 8.2(7.0) Conjurations
 - Level 3.0(1.9) Charms
 - Level 10.2(8.9) Ice Magic
 - Level 4.0(2.9) Air Magic
 - Level 7.0(5.7) Poison Magic
 - Level 8.5(7.2) Invocations
 - Level 4.1(3.0) Evocations


You had 14 spell levels left.
You knew the following spells:

 Your Spells              Type           Power        Failure   Level  Hunger
a - Freeze                Ice            ####         2%          1    None
b - Ozocubu's Armour      Chrm/Ice       ####....     32%         3    None
c - Throw Frost           Conj/Ice       #####.       6%          2    None
d - Throw Icicle          Conj/Ice       #####...     36%         4    ###....
e - Poisonous Vapours     Pois/Air       ####..       26%         2    None
f - Olgreb's Toxic Radia  Pois           ####....     67%         4    ###....
g - Iskenderun's Mystic   Conj           #####...     50%         4    ###....

Your spell library contained the following spells:

 Spells                   Type           Power        Failure   Level  Hunger
 Magic Dart               Conj           ####         6%          1    None
 Sting                    Conj/Pois      ####         8%          1    None
 Searing Ray              Conj           #####.       9%          2    None
 Ensorcelled Hibernation  Hex/Ice        ####..       24%         2    None
 Mephitic Cloud           Conj/Pois/Air  ####....     34%         3    None
 Conjure Flame            Conj/Fire      ###.....     58%         3    None
 Dazzling Spray           Conj/Hex       ###...       58%         3    None
 Stone Arrow              Conj/Erth      ###...       58%         3    None
 Spider Form              Tmut/Pois      ###.......   67%         3    None
 Beastly Appendage        Tmut           #.....       71%         1    None
 Corona                   Hex            #......      71%         1    None
 Sandblast                Erth           #.....       71%         1    None
 Shroud of Golubria       Chrm/Tloc      ##........   71%         2    None
 Blink                    Tloc           N/A          83%         2    None
 Call Imp                 Summ           #.......     83%         2    None
 Passwall                 Tmut/Erth      #.......     83%         2    None
 Slow                     Hex            #.......     83%         2    None
 Sticks to Snakes         Tmut           #.......     83%         2    None
 Ice Form                 Ice/Tmut       ####....     85%         4    ###....
 Summon Ice Beast         Ice/Summ       ####....     85%         4    ###....
 Venom Bolt               Conj/Pois      ####......   90%         5    #####..
 Force Lance              Conj/Tloc      ###.....     94%         4    ###....
 Fulminant Prism          Conj/Hex       ###.......   94%         4    ###....
 Confuse                  Hex            #.......     97%         3    None
 Gell's Gravitas          Tloc           #.........   97%         3    None
 Lesser Beckoning         Tloc           #.........   97%         3    None
 Teleport Other           Tloc           #.......     97%         3    None
 Tukima's Dance           Hex            #.......     97%         3    None
 Passage of Golubria      Tloc           N/A          100%        4    ###....
 Petrify                  Tmut/Erth      #.......     100%        4    ###....
 Blade Hands              Tmut           #.........   100%        5    #####..
 Lee's Rapid Deconstruct  Erth           #.........   100%        5    #####..


Dungeon Overview and Level Annotations

Branches:
Dungeon (15/15)            Temple (1/1) D:6            Lair (6/6) D:11
 Shoals (0/4) Lair:3       Spider (0/4) Lair:2        Slime (0/5) Lair:6
    Orc (2/2) D:12            Elf (0/3) Orc:2        Vaults (0/5) D:14
 Depths (0/5) D:15

Altars:
Ashenzari
Cheibriados
Dithmenos
Elyvilon
Fedhas
Gozag
Hepliaklqana
Kikubaaqudgha
Makhleb
Nemelex Xobeh
Okawaru
Qazlal
Ru
Sif Muna
Trog
Uskayaw
Vehumet
Wu Jian
Xom
Yredelemnul
Zin
The Shining One
Beogh

Shops:
D:7 [   D:10 !   D:13 :   D:15 *   Orc:2 %


Innate Abilities, Weirdness & Mutations

You revert to your normal form in water You are very nimble and swift while swimming.
You are very stealthy in the water. (Stealth+)
Your life essence is reduced to manifest your ancestor. (-10% HP)
Potions are less effective at restoring your health.


Message History

The orc high priest invokes the aid of Beogh against you.
Beogh smites you!
* * * LOW HITPOINT WARNING * * *
The orange demon barely misses you.
The orc high priest utters an invocation to Beogh.
Beli-Ashared hits the orc high priest with a +0 dagger of draining.
Beli-Ashared drains the orc high priest.
The orc high priest mumbles some strange prayers to Beogh against you.
Beogh smites you!
* * * LOW HITPOINT WARNING * * *
Beli-Ashared hits the orc high priest with a +0 dagger of draining.
Beli-Ashared drains the orc high priest.
The orc knight roars a battlecry!
The orc warrior goes into a battle-frenzy!
Beli-Ashared gestures at the orange demon while chanting.
The smoke demon resists with almost no effort.
The orc high priest no longer looks unusually strong.
The orc high priest invokes the aid of Beogh against you.
Beogh smites you!
You die...

##...R...............
###.......o)...........
##.##.3o...)............
#............)..........
##...4o......[..........
###...4.#..............
##.#..............>....
#......................
##....@................
#..)...................
#......................
##.....................
##.......(.....).......
#.....................)
##..........(.(.).......
#....#..........).......
#...#.........)....)....


You could see an orc knight, an orc high priest, an orange demon, an ice devil,
a smoke demon and an orc warrior.

Vanquished Creatures
  Kirke (D:14)
  A fire giant (D:15)
  An orc warlord (D:12)
  Louise (D:15)
  Nessos (Lair:5)
  2 ogre magi (D:15)
  2 vault guards (D:14)
  Fannar (Orc:1)
  5 hydras
  A deep troll shaman (Lair:6)
  11 two-headed ogres
  8 death yaks
  An orc high priest (Orc:2)
  A queen ant (shapeshifter) (D:14)
  A deep troll earth mage (D:14)
  Urug (D:10)
  3 skeletal warriors
  3 unseen horrors
  15 ugly things
  3 orc knights
  3 manticores
  2 orc sorcerers
  4 cyclopes
  5 elephants
  Maurice (D:11)
  5 black mambas
  4 centaur zombies
  3 gargoyles (D:15)
  4 spiny frogs
  A kobold demonologist (D:9)
  2 centaur skeletons
  5 komodo dragons
  6 trolls
  A meliai (D:14)
  2 hornets
  16 blink frogs
  2 jumping spiders (Lair:2)
  A polar bear (Lair:6)
  9 hippogriffs
  3 slime creatures (D:13)
  A dream sheep (Lair:5)
  A shadow (D:12)
  4 redbacks (Lair:2)
  A vampire (D:15)
  2 wyverns
  5 flying skulls (Abyss:2)
  2 wraiths
  9 humans (D:14)
  4 hogs (D:14)
  33 yaks
  Eustachio (D:5)
  3 basilisks
  7 vampire mosquitoes
  A warg (Orc:1)
  A small abomination (Abyss:2)
  6 water moccasins
  5 porcupines
  22 orc warriors
  A sky beast (D:5)
  3 eyes of draining
  A necrophage (D:9)
  11 ogres
  A black bear (Lair:6)
  4 ice beasts
  A phantom (D:8)
  11 wolves
  10 centaurs
  6 crocodiles
  19 bullfrogs
  3 scorpions
  6 killer bees (D:7)
  3 wights (D:11)
  An electric eel (Lair:3)
  2 howler monkeys
  A crimson imp (D:15)
  A bullfrog zombie (D:7)
  5 hounds
  2 jellies
  17 orc priests
  14 orc wizards
  6 iguanas
  A hell rat (D:11)
  5 worker ants
  Natasha (twice) (D:2)
  5 hexers
  A worker ant zombie (D:9)
  6 adders
  A river rat (D:11)
  4 shadow imps
  An ooze (D:1)
  An adder zombie (D:9)
  An adder skeleton (D:8)
  A worm (D:2)
  2 dart slugs (D:1)
  6 leopard geckos
  65 orcs
  5 bats
  5 giant cockroaches
  6 goblins
  6 hobgoblins
  14 jackals
  11 kobolds
  6 quokkas
  A ball python (D:1)
  3 frilled lizards
  A quokka skeleton (D:7)
  9 rats
  A plant (Lair:6)
549 creatures vanquished.

Vanquished Creatures (collateral kills)
  A hydra (Lair:5)
  2 two-headed ogres
  An ogre mage (D:14)
  2 death yaks (Lair:6)
  3 skeletal warriors
  An unseen horror (D:13)
  An orc knight (Orc:2)
  2 manticores
  An orc sorcerer (Orc:2)
  3 ugly things (D:14)
  4 elephants
  A black mamba (Lair:4)
  An eye of devastation (Lair:6)
  3 spiny frogs
  A komodo dragon (Lair:3)
  2 trolls
  5 blink frogs
  A slime creature (D:13)
  6 dream sheep (Lair:6)
  3 hippogriffs
  A harpy skeleton (D:15)
  Sigmund (D:2)
  4 wyverns
  A basilisk (Lair:4)
  14 yaks
  A vampire mosquito (D:12)
  An acid dragon (D:15)
  A water moccasin (D:7)
  2 ice beasts
  3 porcupines
  An eye of draining (D:12)
  5 ogres
  8 orc warriors
  8 wolves
  3 centaurs
  2 necrophages
  8 crocodiles
  2 big kobolds
  3 bullfrogs
  3 scorpions
  4 howler monkeys
  A wight (D:11)
  2 crimson imps
  A quasit (D:10)
  2 jellies
  A bullfrog skeleton (D:12)
  2 hounds
  2 orc priests
  Natasha (D:2)
  10 orc wizards
  4 worker ants
  Robin (D:2)
  4 gnolls (D:4)
  5 adders
  2 river rats (D:11)
  An adder skeleton (D:5)
  A worm (D:5)
  2 leopard geckos
  22 orcs
  4 giant cockroaches
  7 goblins (D:2)
  2 hobgoblins (D:2)
  3 jackals
  A quokka (D:3)
  A frilled lizard (D:3)
  A quokka skeleton (D:4)
  A spectral orc (D:5)
  3 fungi (Lair:5)
  A plant (Lair:5)
208 creatures vanquished.

Vanquished Creatures (others)
  A catoblepas (Lair:6)
  2 death yaks (Lair:6)
  2 humans (D:14)
  An orc priest (Orc:2)
  An orc wizard (Orc:2)
  77 hexers
  2 ancestors
  An orc (Orc:1)
  29 fungi
  19 plants
135 creatures vanquished.

Grand Total: 892 creatures vanquished

Notes
Turn   | Place    | Note
-------+----------+-------------------------------------------
     0 | D:1      | Gumption the Merfolk Ice Elementalist began the quest for
                  | the Orb.
     0 | D:1      | Reached XP level 1. HP: 13/13 MP: 3/3
   616 | D:1      | Reached XP level 2. HP: 16/20 MP: 5/5
   622 | D:1      | Learned a level 2 spell: Throw Frost
   700 | D:1      | Reached skill level 1 in Fighting
  1018 | D:1      | Reached XP level 3. HP: 26/26 MP: 4/6
  1125 | D:1      | Learned a level 3 spell: Ozocubu's Armour
  1444 | D:2      | Noticed Sigmund
  1911 | D:2      | Found a shadowy altar of Dithmenos.
  2101 | D:2      | Noticed Natasha
  2108 | D:2      | Killed Natasha
  2108 | D:2      | Reached skill level 1 in Polearms
  2108 | D:2      | Reached skill level 1 in Conjurations
  2108 | D:2      | Reached XP level 4. HP: 33/33 MP: 1/7
  2270 | D:2      | Found a hazy altar of Hepliaklqana.
  2278 | D:2      | Became a worshipper of Hepliaklqana the Forgotten
  2831 | D:2      | Killed Sigmund
  2831 | D:2      | Reached skill level 2 in Polearms
  2831 | D:2      | Reached skill level 5 in Ice Magic
  2831 | D:2      | Reached XP level 5. HP: 16/35 MP: 5/9
  2831 | D:2      | Reached XP level 6. HP: 19/41 MP: 5/10
  3024 | D:2      | Noticed Robin
  3039 | D:2      | Killed Robin
  3051 | D:2      | Noticed Natasha
  3058 | D:2      | Killed Natasha
  3058 | D:2      | Reached skill level 3 in Polearms
  3426 | D:2      | Found a shadowy altar of Dithmenos.
  3769 | D:2      | Noticed Natasha
  3781 | D:2      | Killed Natasha
  3911 | D:2      | Found a hazy altar of Hepliaklqana.
  4243 | D:3      | Reached * piety under Hepliaklqana
  5204 | D:4      | Found an iron altar of Okawaru.
  5281 | D:4      | Reached XP level 7. HP: 45/45 MP: 7/11
  5324 | D:4      | Reached skill level 4 in Polearms
  5718 | D:4      | Got an ancient robe
  5770 | D:4      | Found a glowing silver altar of Zin.
  5893 | D:5      | Entered Level 5 of the Dungeon
  6038 | D:5      | Got a pair of ancient gloves
  6063 | D:5      | Identified the +3 pair of gloves of the Land of Plenty
                  | {rCorr} (You found it on level 5 of the Dungeon)
  6108 | D:5      | Reached ** piety under Hepliaklqana
  6109 | D:5      | Remembered your ancestor Beli-Ashared as a hexer
  6114 | D:5      | Found a basalt altar of Yredelemnul.
  6169 | D:5      | Found a deep blue altar of Sif Muna.
  6214 | D:5      | Reached skill level 1 in Charms
  6231 | D:5      | Got a bloodstained shortbow
  6567 | D:5      | Reached XP level 8. HP: 54/54 MP: 13/13
  6573 | D:5      | Reached skill level 5 in Polearms
  6885 | D:5      | Noticed Eustachio
  6908 | D:5      | Killed Eustachio
  7258 | D:5      | Found a sacrificial altar of Ru.
  7270 | D:5      | Found a shimmering altar of Xom.
  7320 | D:6      | Found a runed translucent door.
  7454 | D:6      | Reached *** piety under Hepliaklqana
  7565 | D:6      | Identified the +4 shortbow of Imbalance {venom, MP+9 Str+4
                  | Int+3} (You found it on level 5 of the Dungeon)
  7730 | D:6      | Found a staircase to the Ecumenical Temple.
  7742 | Temple   | Entered the Ecumenical Temple
  7917 | D:6      | Reached skill level 6 in Polearms
  8169 | D:7      | Found Nimolig's Armour Shoppe.
  8277 | D:7      | Noticed a hippogriff
  8288 | D:7      | Killed a hippogriff
  8288 | D:7      | Reached skill level 5 in Fighting
  8288 | D:7      | Reached XP level 9. HP: 51/61 MP: 16/16
  8775 | D:7      | Reached skill level 7 in Polearms
  8775 | D:7      | Reached skill level 5 in Spellcasting
  8927 | D:7      | Noticed a hornet
  8948 | D:7      | Killed a hornet
  9065 | D:7      | Found a glowing golden altar of the Shining One.
  9492 | D:8      | Reached skill level 8 in Polearms
  9517 | D:8      | Learned a level 4 spell: Throw Icicle
  9582 | D:8      | Found a blossoming altar of Fedhas.
  9584 | D:8      | Found an ancient bone altar of Kikubaaqudgha.
  9647 | D:8      | Reached XP level 10. HP: 69/69 MP: 18/18
 10607 | D:9      | Found a blossoming altar of Fedhas.
 10607 | D:9      | Reached **** piety under Hepliaklqana
 10792 | D:9      | Noticed a kobold demonologist
 10796 | D:9      | Noticed a sixfirhy
 10805 | D:9      | Killed a kobold demonologist
 10805 | D:9      | Reached skill level 10 in Ice Magic
 10900 | D:9      | Found a bloodstained altar of Trog.
 11002 | D:9      | Found an opulent altar of Gozag.
 11048 | D:10     | Entered Level 10 of the Dungeon
 11055 | D:10     | Found Xurof's Distillery.
 11069 | D:10     | Bought a potion of heal wounds for 50 gold pieces
 11069 | D:10     | Bought a potion of heal wounds for 50 gold pieces
 11334 | D:10     | Reached skill level 9 in Polearms
 11487 | D:10     | Noticed Urug
 11670 | D:10     | Got a twisted ring mail
 11671 | D:10     | Identified the +4 ring mail "Meirur" {rElec Str+4 Int+2}
                  | (You found it on level 10 of the Dungeon)
 12528 | D:10     | Killed Urug
 12528 | D:10     | Reached skill level 5 in Dodging
 12919 | D:11     | Reached XP level 11. HP: 75/75 MP: 20/20
 12983 | D:11     | Noticed Maurice
 13011 | D:11     | Killed Maurice
 13011 | D:11     | Reached skill level 1 in Invocations
 13084 | D:11     | Found a bloodstained altar of Trog.
 13125 | D:11     | Reached ***** piety under Hepliaklqana
 13167 | D:11     | Noticed a death yak
 13171 | D:11     | Found a staircase to the Lair.
 13177 | D:11     | Noticed a death yak
 13180 | D:11     | Noticed a death yak
 13209 | D:11     | Killed a death yak
 13209 | D:11     | Reached skill level 5 in Conjurations
 13262 | D:10     | Killed a death yak
 13262 | D:10     | Reached skill level 10 in Polearms
 13328 | D:10     | Killed a death yak
 14173 | D:6      | Found a roughly hewn altar of Beogh.
 14359 | Lair:1   | Entered Level 1 of the Lair of Beasts
 14524 | Lair:1   | Got a slimy bronze ring
 15028 | Lair:1   | Reached XP level 12. HP: 58/83 MP: 23/23
 15642 | Lair:2   | Got a pair of pitted gloves
 15653 | Lair:2   | Identified the +2 pair of gloves "Ytosarr" {Stlth+} (You
                  | found it on level 2 of the Lair of Beasts)
 15672 | Lair:2   | Reached skill level 11 in Polearms
 15878 | Lair:2   | Identified the ring "Gageneq" {*Tele Str+2} (You found it
                  | on level 1 of the Lair of Beasts)
 15970 | Lair:2   | Identified a scroll of acquirement
 16085 | Lair:2   | Found a hole to the Spider Nest.
 16545 | Lair:3   | Found a staircase to the Shoals.
 16828 | Lair:3   | Reached ****** piety under Hepliaklqana
 16967 | Lair:3   | Found a shadowy altar of Dithmenos.
 17322 | Lair:3   | Reached skill level 5 in Invocations
 17395 | Lair:3   | Reached skill level 1 in Armour
 17725 | Lair:4   | Learned a level 2 spell: Poisonous Vapours
 17923 | Lair:4   | You are sucked into a shaft for 2 floors!
 17923 | Lair:6   | Entered Level 6 of the Lair of Beasts
 17937 | Lair:6   | Noticed a five-headed hydra
 17940 | Lair:6   | Reached skill level 1 in Poison Magic
 18094 | Lair:5   | Noticed a death yak
 18094 | Lair:5   | Noticed a death yak
 18094 | Lair:5   | Noticed a death yak
 18221 | Lair:4   | Reached skill level 1 in Air Magic
 18233 | Lair:4   | HP: 2/85 [crocodile (13)]
 18894 | Lair:4   | Reached XP level 13. HP: 75/90 MP: 25/25
 19334 | Lair:5   | Noticed Nessos
 19872 | Lair:4   | Reached skill level 12 in Polearms
 20518 | Lair:5   | Killed Nessos
 21445 | Lair:5   | Got a shadowed robe
 22210 | Lair:5   | Reached skill level 5 in Stealth
 22487 | Lair:5   | Reached skill level 5 in Poison Magic
 23552 | Lair:5   | Reached XP level 14. HP: 80/98 MP: 26/26
 23700 | Lair:6   | Found a staircase to the Slime Pits.
 25435 | Lair:6   | Reached skill level 10 in Fighting
 25804 | Lair:6   | Learned a level 4 spell: Olgreb's Toxic Radiance
 27080 | Lair:6   | Reached skill level 10 in Dodging
 27445 | D:12     | Found a staircase to the Orcish Mines.
 27635 | D:12     | Reached skill level 1 in Evocations
 28085 | D:12     | Reached skill level 13 in Polearms
 28170 | D:12     | Learned a level 4 spell: Iskenderun's Mystic Blast
 28986 | D:12     | Found a roughly hewn altar of Beogh.
 29470 | D:13     | Found Gonkuqu's Book Shop.
 30787 | D:14     | Reached XP level 15. HP: 92/105 MP: 28/28
 30962 | D:14     | Noticed Kirke
 30982 | D:14     | Noticed a sphinx
 30985 | D:14     | Killed Kirke
 31256 | D:14     | Found a sparkling altar of Nemelex Xobeh.
 31275 | D:14     | Noticed a storm dragon
 31290 | D:14     | a storm dragon changed into a minotaur
 31436 | D:14     | Noticed an azure jelly
 31575 | D:14     | an azure jelly changed into a queen ant
 32225 | D:14     | Noticed a storm dragon
 32552 | D:14     | Found a gate to the Vaults.
 32918 | D:15     | Entered Level 15 of the Dungeon
 32961 | D:15     | Identified the +2 large shield of Generosity {MR++ Str+6
                  | SInv}
 32961 | D:15     | Noticed Louise
 33231 | D:15     | Cast into level 2 of the Abyss (Louise)
 33292 | D:15     | Escaped the Abyss
 33331 | D:15     | Killed Louise
 33331 | D:15     | Reached skill level 14 in Polearms
 33457 | D:15     | Reached skill level 1 in Shields
 33952 | D:15     | Reached skill level 5 in Shields
 34024 | D:15     | Found Verchoadu's General Store.
 34501 | D:15     | Noticed a fire giant
 34519 | D:15     | Killed a fire giant
 34519 | D:15     | Reached XP level 16. HP: 14/112 MP: 2/29
 34682 | D:15     | Found a staircase to the Depths.
 34741 | D:15     | Bought a potion of heal wounds for 80 gold pieces
 35169 | Orc:1    | Entered Level 1 of the Orcish Mines
 35171 | Orc:1    | Noticed Fannar
 35194 | Orc:1    | Killed Fannar
 35286 | Orc:1    | Gained mutation: Potions are less effective at restoring
                  | your health. [a neqoxec]
 35503 | Orc:1    | Found a roughly hewn altar of Beogh.
 35738 | Orc:2    | Entered Level 2 of the Orcish Mines
 36443 | Orc:2    | Found a staircase to the Elven Halls.
 36803 | Orc:2    | Found Defote Cuto's Food Shop.
 36893 | Orc:2    | Reached skill level 10 in Shields
 36997 | Orc:2    | HP: 2/112 [sun demon[an orc high priest] (11)]
 37022 | Orc:2    | HP: 4/112 [orc high priest/divine providence (10)]
 37026 | Orc:2    | Killed from afar by an orc high priest

Skill      XL: |  1  2  3  4  5  6  7  8  9 10 11 12 13 14 15 16 |
---------------+-------------------------------------------------+-----
Fighting       | 1 2 3 5 6 7 8 9 10 11 | 11.0
Ice Magic      | 4 5 6 8 9 10 | 10.2
Polearms       | 1 2 3 4 6 8 9 10 11 12 13 14 | 14.0
Conjurations   | 1 2 4 6 7 8 |  8.2
Spellcasting   | 3 4 5 6 7 8 9 |  9.7
Charms         | 1 3 |  3.0
Dodging        | 3 5 7 8 9 10 | 10.0
Invocations    | 3 5 6 7 8 |  8.5
Armour         | 1 3 4 |  4.8
Stealth        | 3 5 6 |  6.0
Poison Magic   | 2 5 7 |  7.0
Air Magic      | 2 4 |  4.0
Evocations     | 3 4 |  4.1
Shields        | 8 10 | 10.2

Action                   |  1- 3 |  4- 6 |  7- 9 | 10-12 | 13-15 | 16-18 || total
-------------------------+-------+-------+-------+-------+-------+-------++-------
Melee: Spear             |   117 |   137 |   148 |       |       |       ||   402
       Trident           |       |       |   132 |  1057 |  1299 |       ||  2488
       Tailslap          |       |       |       |     2 |       |       ||     2
       Demon trident     |       |       |       |       |   243 |   241 ||   484
 Fire: Shortbow          |       |       |     6 |       |       |       ||     6
Throw: Stone             |    41 |       |       |       |       |       ||    41
       Throwing net      |       |       |       |     2 |       |       ||     2
       Tomahawk          |       |       |       |       |     4 |       ||     4
 Cast: Freeze            |    30 |     9 |    70 |    64 |    75 |       ||   248
       Throw Frost       |     2 |    11 |    33 |    40 |     5 |       ||    91
       Throw Icicle      |       |       |       |     5 |    53 |     2 ||    60
       Poisonous Vapours |       |       |       |     4 |   228 |       ||   232
       Olgreb's Toxic Ra |       |       |       |       |    41 |       ||    41
Invok: Ancestor Life: He |       |       |     1 |       |       |       ||     1
       Recall Ancestor   |       |       |     1 |     2 |    10 |       ||    13
       Transference      |       |       |       |       |     1 |       ||     1
Evoke: Wand              |       |       |     1 |    14 |    23 |     2 ||    40
  Use: Scroll            |       |     3 |    12 |    10 |    15 |       ||    40
       Potion            |       |       |       |     9 |     3 |     1 ||    13
 Stab: Sleeping          |     2 |     4 |     3 |     2 |     3 |     1 ||    15
       Distracted        |       |     1 |     3 |    19 |    16 |     1 ||    40
       Paralysed         |       |       |     5 |       |    30 |    15 ||    50
       Confused          |       |       |     2 |    24 |    25 |     2 ||    53
       Petrified         |       |       |       |       |     1 |       ||     1
  Eat: Chunk             |     4 |    10 |    13 |    24 |    37 |     4 ||    92
       Ration            |       |       |     1 |     2 |     6 |     1 ||    10
Armor: Leather armour    |    56 |    13 |       |       |       |       ||    69
       Ring mail         |       |    22 |   138 |   352 |   513 |    33 ||  1058
Dodge: Dodged            |   101 |    61 |   167 |   580 |   823 |    67 ||  1799
Block: Large shield      |       |       |       |       |    50 |   223 ||   273
       Buckler           |       |       |       |       |    15 |       ||    15
